 Dungeon Crawl Stone Soup version 0.27.1-33-g824d729ab1 (webtiles) character file.

Game seed: 11801052191635779047

2354 Fallenstar the Spear-Bearer (level 9, 0/70 HPs)
             Began as a Minotaur Fighter on Dec 18, 2021.
             Was a Believer of Hepliaklqana.
             Slain by Joseph (9 damage)
             ... on level 8 of the Dungeon.
             The game lasted 00:32:17 (8156 turns).

Fallenstar the Spear-Bearer (Minotaur Fighter)      Turns: 8156, Time: 00:32:17

Health: 0/70       AC:  9    Str: 23    XL:     9   Next: 20%
Magic:  8/8        EV: 13    Int:  5    God:    Hepliaklqana [**....]
Gold:   235        SH:  0    Dex: 11    Spells: 8/8 levels left

rFire    . . .     SeeInvis .   e - +1 morningstar (freeze)
rCold    . . .     Faith    .   c - +0 kite shield
rNeg     . . .     Spirit   .   b - +0 scale mail
rPois    .         Reflect  .   (helmet restricted)
rElec    .         Harm     .   (no cloak)
rCorr    .         Rampage  .   g - +0 pair of gloves
Will     .....                  (no boots)
Stlth    ..........             (no amulet)
HPRegen  0.21/turn              h - +4 ring of evasion
MPRegen  0.11/turn              (no ring)

@: confused, very slightly contaminated, hasted, invisible, very quick
A: reduced essence, horns 2, retaliatory headbutt
a: Renounce Religion, Recall Ancestor, Ancestor Identity


You were on level 8 of the Dungeon.
You worshipped Hepliaklqana.
Hepliaklqana was pleased with you.
You visited 1 branch of the dungeon, and saw 8 of its levels.
You also visited: Sewer.

You collected 235 gold pieces.

Inventory:

Hand Weapons
 a - a +0 trident
 e - a +1 morningstar of freezing (weapon)
 k - a +2 morningstar of protection
 m - a +2 vorpal flail
Armour
 b - a +0 scale mail (worn)
 c - a +0 kite shield (worn)
 g - a +0 pair of gloves (worn)
Jewellery
 h - a +4 ring of evasion (left hand)
 i - a ring of protection from cold
 y - a ring of see invisible
Wands
 v - a wand of flame (28)
Scrolls
 f - 2 scrolls of identify
 l - 5 scrolls of teleportation
 o - a scroll of fog {unknown}
 u - 2 scrolls of enchant weapon
Potions
 d - 2 potions of might
 j - a potion of lignification
 n - a potion of attraction {unknown}
 p - 2 potions of magic
 q - a potion of haste
 s - 3 potions of mutation
 t - a potion of heal wounds {unknown}
 w - a potion of curing {unknown}
 x - a potion of cancellation {unknown}


   Skills:
 + Level 6.4 Fighting
 + Level 3.7 Maces & Flails
 + Level 8.6 Polearms
 + Level 7.7 Armour
 + Level 3.6 Dodging
 + Level 1.1 Stealth
 + Level 7.1 Shields


You had 8 spell levels left.
You didn't know any spells.
Your spell library contained the following spells:

 Spells                   Type           Power      Damage    Failure   Level
 Foxfire                  Conj/Fire      0%         2x1d4     97%         1
 Magic Dart               Conj           0%         1d3       97%         1
 Sandblast                Erth           0%         2d4       97%         1
 Corpse Rot               Necr/Air       N/A        N/A       99%         2
 Passwall                 Tmut/Erth      0%         N/A       99%         2
 Poisonous Vapours        Pois/Air       0%         N/A       99%         2
 Searing Ray              Conj           0%         3d3       99%         2
 Sublimation of Blood     Necr           0%         N/A       99%         2
 Wereblood                Tmut           0%         N/A       99%         2
 Conjure Flame            Conj/Fire      0%         6-21      100%        3
 Frozen Ramparts          Ice            0%         1d2       100%        3
 Inner Flame              Hex/Fire       0%         N/A       100%        3
 Fulminant Prism          Conj/Hex       0%         3d6       100%        4
 Ice Form                 Ice/Tmut       0%         N/A       100%        4
 Summon Ice Beast         Ice/Summ       0%         N/A       100%        4
 Freezing Cloud           Conj/Ice/Air   0%         6-21      100%        5
 Lee's Rapid Deconstruct  Erth           0%         3d5*      100%        5
 Summon Mana Viper        Hex/Summ       0%         N/A       100%        5
 Monstrous Menagerie      Summ           0%         N/A       100%        7
 Summon Hydra             Summ           0%         N/A       100%        7


Dungeon Overview and Level Annotations

Branches:
Dungeon (8/15)             Temple (0/1) D:7           Sewer (visited)
   Lair: D:8-11

Altars:
Dithmenos
Gozag
Hepliaklqana
Vehumet

Shops:
D:1 *   D:5 =   D:7 *

Annotations:
D:8 Joseph


Innate Abilities, Weirdness & Mutations

Your life essence is reduced to manifest your ancestor. (-10% HP)
You have a pair of horns on your head.
You reflexively headbutt those who attack you in melee.


Message History

Joseph hits Cow with a +0 quarterstaff!!
You miss Cow.
Cow is severely damaged.
You feel less confused.
Cow barely misses Joseph.
Joseph hits Cow with a +0 quarterstaff!
Cow is destroyed!
You strike the helpless Joseph from behind!
You hit Joseph but do no damage. You headbutt Joseph, but do no damage.
Joseph hits you with a +0 quarterstaff! You block Joseph's attack.
Joseph barely misses you.
You sock Joseph! You freeze Joseph.
Joseph is moderately wounded.
Joseph seems less confused.
Joseph hits you with a +0 quarterstaff!!
You puncture Joseph! You freeze Joseph.
Joseph is heavily wounded.
Joseph hits you but does no damage.
You puncture Joseph! You freeze Joseph.
Joseph is severely wounded.
Joseph barely misses you. You block Joseph's attack.
You hit Joseph but do no damage.
Joseph is severely wounded.
Joseph zaps a wand.
Your will is overpowered!
You are confused.
You closely miss Joseph. Your headbutt misses Joseph.
Joseph is severely wounded.
Joseph zaps a wand.
You easily resist.
Joseph hits you but does no damage.
Joseph unwields a +0 quarterstaff.
Joseph wields a +0 hunting sling.
Joseph shoots a sling bullet.
The sling bullet hits you!
* * * LOW HITPOINT WARNING * * *
Joseph zaps a wand.
Your will is overpowered!
You are more confused.
You bump into the rock wall.
Joseph unwields a +0 hunting sling.
Joseph wields a +0 quarterstaff.
Joseph hits you with a +0 quarterstaff.
* * * LOW HITPOINT WARNING * * *
You fade into invisibility!
You are very lightly contaminated with residual magic.
You feel yourself speed up. Joseph hits you with a +0 quarterstaff!
You die...

######
#....#
#.##@#
#.##@#
#.##..
#.#####
#.#########
#.....)<).#
#####.)...#
#.....#
#.....#


You could see Joseph.

Vanquished Creatures
  A hornet (D:4)
  The ghost of MisterT the Chopper, an amateur HOFi (D:4)
  A steam dragon (D:3)
  A sky beast (D:5)
  An ice beast (D:5)
  A necrophage (D:6)
  A centaur (D:6)
  A phantom (D:5)
  A wyvern zombie (D:7)
  2 wights (D:8)
  2 centaur zombies
  2 hounds (D:4)
  2 jellies
  4 orc priests
  A bullfrog skeleton (D:5)
  2 centaur skeletons
  4 iguanas
  2 orc wizards
  A killer bee zombie (D:5)
  A hexer (D:8)
  Robin (D:3)
  A howler monkey skeleton (D:4)
  4 gnolls (D:5)
  10 adders
  3 river rats (Sewer)
  An ufetubus (D:4)
  3 worms
  2 dart slugs (D:3)
  19 orcs
  5 bats
  13 endoplasms
  3 giant cockroaches
  14 hobgoblins
  4 jackals (D:3)
  2 quokkas (D:1)
  12 ball pythons
  2 frilled lizards
  17 goblins
  26 kobolds
  24 rats
198 creatures vanquished.

Vanquished Creatures (collateral kills)
  Prince Ribbit (D:7)
  An ogre (D:6)
  A wyvern skeleton (D:7)
  A wight (D:8)
  A hound (D:7)
  An orc (D:6)
6 creatures vanquished.

Grand Total: 204 creatures vanquished

Notes
Turn   | Place    | Note
-------+----------+-------------------------------------------
     0 | D:1      | Fallenstar the Minotaur Fighter began the quest for the
                  | Orb.
     0 | D:1      | Reached XP level 1. HP: 19/19 MP: 0/0
   393 | D:1      | Reached XP level 2. HP: 27/27 MP: 1/1
   434 | D:1      | Found Ofengac's General Store.
  1319 | D:2      | Reached XP level 3. HP: 30/33 MP: 2/2
  1413 | D:2      | Reached skill level 3 in Polearms
  1429 | D:2      | Found a faded altar of an unknown god.
  1757 | D:3      | Reached XP level 4. HP: 40/40 MP: 3/3
  1771 | D:3      | Noticed a steam dragon
  1780 | D:3      | Killed a steam dragon
  1781 | D:3      | Reached skill level 4 in Polearms
  1781 | D:3      | Reached skill level 5 in Armour
  1781 | D:3      | Reached skill level 1 in Dodging
  1781 | D:3      | Reached XP level 5. HP: 16/47 MP: 4/4
  2090 | D:3      | Noticed Robin
  2100 | D:3      | Killed Robin
  2624 | D:3      | Reached XP level 6. HP: 8/53 MP: 5/5
  3398 | D:4      | Reached skill level 5 in Polearms
  3398 | D:4      | Reached skill level 5 in Shields
  3559 | D:4      | Found a glowing drain.
  3570 | Sewer    | Entered a sewer
  4427 | D:4      | Found a transporter.
  4427 | D:4      | Noticed MisterT's ghost (amateur HOFi)
  4430 | D:4      | Noticed a hornet
  4448 | D:4      | Reached XP level 7. HP: 50/60 MP: 6/6
  4520 | D:4      | Reached skill level 5 in Fighting
  4694 | D:4      | Found a transporter.
  5105 | D:4      | Killed a hornet
  5106 | D:4      | Reached skill level 6 in Polearms
  5115 | D:4      | Killed MisterT's ghost
  5376 | D:5      | Entered Level 5 of the Dungeon
  5386 | D:5      | Reached skill level 7 in Polearms
  5389 | D:5      | Reached XP level 8. HP: 48/68 MP: 7/7
  5516 | D:5      | Found a shadowy altar of Dithmenos.
  5599 | D:5      | Found a hazy altar of Hepliaklqana.
  5603 | D:5      | Became a worshipper of Hepliaklqana the Forgotten
  5903 | D:5      | Reached skill level 1 in Stealth
  6133 | D:5      | Found an opulent altar of Gozag.
  6253 | D:5      | Reached skill level 8 in Polearms
  6499 | D:5      | Found Uviun's Jewellery Shop.
  6674 | D:6      | Reached * piety under Hepliaklqana
  6970 | D:6      | Reached skill level 1 in Maces & Flails
  7493 | D:7      | Reached XP level 9. HP: 43/67 MP: 8/8
  7642 | D:7      | Found Saennodd's General Store.
  7673 | D:7      | Found a radiant altar of Vehumet.
  7735 | D:7      | Noticed Prince Ribbit
  7749 | D:7      | Killed Prince Ribbit
  7763 | D:7      | Reached ** piety under Hepliaklqana
  7764 | D:7      | Remembered your ancestor Cow as a hexer
  7972 | D:7      | Found a staircase to the Ecumenical Temple.
  8129 | D:8      | Noticed Joseph
  8156 | D:8      | Slain by Joseph

Illustrated notes

Levels and vault maps discovered:
D:1:      lemuel_arrival_funnel, layout_basic, serial_shops, shop,
          chequers_serial_rivers_large_a, minivault_14
D:2:      cheibrodos_helix_gallery, layout_rooms,
          dreamdust_ecumenical_altar_hidden_monk_grotto
D:3:      layout_basic, uniq_robin
D:4:      layout_basic, cheibrodos_sewer_entry_sluice, gammafunk_ghost_arena
D:5:      layout_gridville, nicolae_dithmenos_through_a_glass_darkly,
          lemuel_crystal_altar, mainiacjoe_overflow_six_doors_small,
          serial_shops, nicolae_shop_competitors_out_of_business,
          minmay_strange_pillars
D:6:      layout_loops_ring
D:7:      layout_loops_ring, general_overflow_altar, temple_hall, serial_shops,
          kennysheep_mini_moat, uniq_prince_ribbit1
D:8:      layout_basic, amcnicky_mini_corridor_feature, uniq_joseph

Skill      XL: |  1  2  3  4  5  6  7  8  9 |
---------------+----------------------------+-----
Armour         | 4 5 6 7 |  7.7
Shields        | 4 5 7 |  7.1
Polearms       | 3 4 5 7 8 |  8.6
Fighting       | 4 5 6 |  6.4
Dodging        | 1 2 3 |  3.6
Stealth        | 1 |  1.1
Maces & Flails | 1 3 |  3.7

Action                   |  1- 3 |  4- 6 |  7- 9 || total
-------------------------+-------+-------+-------++-------
Melee: Trident           |    98 |   264 |   144 ||   506
       Headbutt          |    15 |    23 |    38 ||    76
       Morningstar       |       |       |    55 ||    55
Invok: Ancestor Life: He |       |       |     1 ||     1
       Ancestor Identity |       |       |     1 ||     1
  Use: Potion            |       |     3 |     6 ||     9
       Scroll            |       |       |     8 ||     8
 Stab: Invisible         |       |       |     1 ||     1
       Distracted        |       |       |     1 ||     1
       Confused          |       |       |     1 ||     1
Armor: Scale mail        |    31 |    60 |    66 ||   157
       Skin              |       |    32 |       ||    32
Dodge: Dodged            |    34 |   110 |   130 ||   274
Block: Kite shield       |    28 |   133 |   104 ||   265
